 Dungeon Crawl Stone Soup version 0.16-a0-1982-g8124c91 (webtiles) character file.

165 wvc the Changer (level 5, -4/33 HPs)
             Began as an Octopode Transmuter on Nov 8, 2014.
             Slain by Sigmund
             ... wielding a +0 scythe
              (8 damage)
             ... on level 3 of the Dungeon.
             The game lasted 00:05:41 (3199 turns).

wvc the Changer (Octopode Transmuter)               Turns: 3199, Time: 00:05:41

Health: -4/33      AC:  1    Str:  9    XL:     5   Next: 46%
Magic:  7/11       EV: 12    Int: 16    God:
Gold:   172        SH:  0    Dex: 13    Spells: 3 memorised, 4 levels left

rFire  . . .     SeeInvis .       - Unarmed
rCold  . . .     Clarity  .     (no shield)
rNeg   . . .     SustAb   .     (helmet restricted)
rPois  .         Gourm    .     (no amulet)
rElec  .         Spirit   .     (no ring)
rCorr  .         Warding  .     (no ring)
rMut   .         Stasis   .     (no ring)
MR     .....                    (no ring)
Stlth  +++.......               (no ring)
                                (no ring)
                                (no ring)
                                (no ring)

@: very slightly contaminated, not resistant to hostile enchantments, fairly
stealthy
A: almost no armour, amphibious, 8 rings, constrict 8, camouflage 1, gelatinous
body 1
a: no special abilities


You were on level 3 of the Dungeon.
You were hungry.

You visited 1 branch of the dungeon, and saw 3 of its levels.

You collected 172 gold pieces.

Inventory:

Missiles
 b - 57 arrows
 c - 22 sling bullets
 i - 21 stones (quivered)
Scrolls
 f - 2 scrolls of identify
Potions
 e - a potion of magic {unknown}
 g - a potion of brilliance
Books
 d - a book of Changes

   Spells                             Type                      Level
   *Beastly Appendage                 Transmutation                1
   *Sticks to Snakes                  Transmutation                2
   *Spider Form                       Transmutation/Poison         3
   Ice Form                           Ice/Transmutation            4
   Blade Hands                        Transmutation                5
Comestibles
 a - a bread ration
 h - a chunk of flesh


   Skills:
 - Level 1.0 Fighting
 - Level 2.0 Dodging
 + Level 1.5 Stealth
 - Level 3.0 Unarmed Combat
 + Level 3.4 Spellcasting
 * Level 4.2 Transmutations
 + Level 0.5 Poison Magic


You had 4 spell levels left.
You knew the following spells:

 Your Spells              Type           Power        Failure   Level  Hunger
a - Beastly Appendage     Trmt           ###...       3%          1    None
b - Sticks to Snakes      Trmt           ###.......   6%          2    ##.....
c - Spider Form           Trmt/Pois      ##........   21%         3    ###....


Dungeon Overview and Level Annotations

Branches:
Dungeon (3/15)

Altars:

Annotations:
D:3 Sigmund


Innate Abilities, Weirdness & Mutations

You cannot wear most types of armour.
You are amphibious.
You can wear up to eight rings at the same time.
You can use your tentacles to constrict many enemies at once.
Your skin changes colour to match your surroundings (Stealth).
Your rubbery body absorbs attacks (AC +1).


Message History

You hit something.
Reactivating autopickup.
You feel a bit more experienced.
Your transformation has ended.
You barely miss the orc. Your grab misses the orc. The orc closely misses you.
You tentacle-slap the orc.
You kill the orc!
Deactivating autopickup; reactivate with Ctrl-A.
The magic dart hits you!
You hear some strange, mumbled words.
The magic dart hits you!
Things that are here:
a dagger; a robe; a scale mail You closely miss something.
Something hits you!
* * * LOW HITPOINT WARNING * * *
You tentacle-slap something. Something hits you.
* * * LOW HITPOINT WARNING * * *
You miss something. You barely miss something. Something hits you!
You die...

### #.# ..# #.# #.#
#.# #.# #{# .# #@# .#
##.##.######
#...........
#.#.#.###### #
#..(..# ## #>#..#.#
.## #########.###...#
#.###........## ##..#
##.........##.###.#.#


There were no monsters in sight!

Vanquished Creatures
  An orc priest (D:3)
  An orc wizard (D:3)
  5 adders (D:2)
  A giant mite (D:1)
  A worm (D:2)
  An ooze (D:2)
  5 orcs (D:3)
  2 bats
  4 giant cockroaches
  5 goblins
  11 hobgoblins
  A quokka (D:2)
  2 ball pythons
  2 giant newts
  6 kobolds
  8 rats
56 creatures vanquished.

Notes
Turn   | Place    | Note
--------------------------------------------------------------
     0 | D:1      | wvc, the Octopode Transmuter, began the quest for the Orb.
     0 | D:1      | Reached XP level 1. HP: 13/13 MP: 3/3
     6 | D:1      | Noticed a black mamba
     6 | D:1      | Noticed a hound
     6 | D:1      | Noticed a redback
   254 | D:1      | Reached XP level 2. HP: 18/18 MP: 2/4
   448 | D:1      | Learned a level 2 spell: Sticks to Snakes
   817 | D:1      | Reached XP level 3. HP: 19/23 MP: 4/6
   822 | D:1      | Learned a level 3 spell: Spider Form
  1665 | D:2      | Reached XP level 4. HP: 24/28 MP: 4/8
  1956 | D:2      | HP: 1/28 [poisoned by an adder]
  2795 | D:2      | Reached skill level 1 in Stealth
  3155 | D:3      | Reached skill level 4 in Transmutations
  3155 | D:3      | Reached XP level 5. HP: 33/33 MP: 8/11
  3180 | D:3      | Noticed Sigmund
  3199 | D:3      | Slain by Sigmund

Action                   |  1- 3 |  4- 6 || total
-------------------------+-------+-------++-------
Melee: Unarmed           |    66 |    91 ||   157
 Cast: Beastly Appendage |    15 |     3 ||    18
       Spider Form       |     1 |     8 ||     9
  Use: Scroll            |       |     4 ||     4
       Potion            |       |     1 ||     1
 Stab: Sleeping          |     3 |     1 ||     4
  Eat: Chunk             |     1 |     2 ||     3
       Meat ration       |     1 |       ||     1
